 Dungeon Crawl Stone Soup version 0.31-a0-728-g01b46875f1 (webtiles) character file.

Game seed: 431185485868174840

142 cforsyth the Trooper (level 5, -1/42 HPs)
             Began as a Djinni Chaos Knight on Sept 11, 2023.
             Was a Plaything of Xom.
             Slain by a gnoll
             ... wielding a +0 halberd
              (10 damage)
             ... on level 3 of the Dungeon.
             The game lasted 00:04:21 (2004 turns).

cforsyth the Trooper (Djinni Chaos Knight)          Turns: 2004, Time: 00:04:22

Health: -1/42      AC:  5    Str: 10    XL:     5   Next: 50%
Gold:   107        EV: 12    Int: 15    God:    Xom [.....*] SH:  0 Dex: 16

rFire   + + .        j - +1 hand axe (elec)
rCold   x . .        (no shield)
rNeg    . . .        b - +2 leather armour
rPois   ∞            (no helmet)
rElec   .            (no cloak)
rCorr   .            (no gloves)
SInv    .            (boots unavailable)
Will    .....        (no amulet)
Stlth   +            (no ring)
HPRegen 0.27/turn    (no ring)
MPRegen 0.00/turn

%: infuse magic (-2 HP)
@: flying
A: sickness immunity, fire resistance 2, cold vulnerability 1, float, innate
caster, HP casting, extra vitality 1, agile 1, wild magic 1
a: Renounce Religion


You were on level 3 of the Dungeon.
You worshipped Xom.
You were Xom's teddy bear.
You visited 1 branch of the dungeon, and saw 3 of its levels.

You collected 107 gold pieces.

Inventory:

Hand Weapons
 a - a +0 falchion of chaos
 j - a +1 hand axe of electrocution (weapon)
Armour
 b - a +2 leather armour (worn)
Scrolls
 c - a scroll of fog {unknown}
 d - 6 scrolls of identify {unknown}
 e - a scroll of vulnerability {unknown}
 g - 5 scrolls of revelation {unknown}
 h - a scroll of fear {unknown}
 i - 2 scrolls of noise {unknown}
 n - a scroll of torment {unknown}
 p - a scroll of amnesia {unknown}
 q - a scroll of teleportation {unknown}
Potions
 f - a potion of curing {unknown}
 k - a potion of heal wounds
 l - a potion of magic {unknown}
 m - a potion of berserk rage {unknown}
 o - a potion of attraction {unknown}
 r - a potion of mutation {unknown}
 s - a potion of enlightenment {unknown}
 t - a potion of lignification {unknown}


   Skills:
 + Level 4.5 Fighting
 - Level 2.6 Long Blades
 - Level 1.0 Armour
 - Level 2.1 Dodging
 + Level 2.3 Spellcasting
 + Level 2.3 Conjurations
 + Level 2.3 Hexes
   Level 0.0 Charms
 + Level 2.3 Summonings
 + Level 2.3 Necromancy
 + Level 2.3 Translocations
 + Level 2.3 Transmutations
 + Level 2.3 Fire Magic
 + Level 2.3 Ice Magic
 + Level 2.3 Air Magic
 + Level 2.3 Earth Magic
 + Level 2.3 Poison Magic


You knew the following spells:

 Your Spells              Type           Power      Damage    Failure   Level
a - Slow                  Hex            44%        N/A       17%         1
b - Call Imp              Summ           22%        N/A       24%         2
Your spell library was empty.

Dungeon Overview and Level Annotations

Branches:
Dungeon (3/15)

Altars:
Wu Jian
Xom

Shops:
D:2 :

Annotations:
D:2 1 runed translucent door, Crazy Yiuf


Innate Abilities, Weirdness & Mutations

You are immune to sickness and miasma.
You are immune to poison.
Your flesh is very heat resistant. (rF++)
You are vulnerable to cold. (rC-)
You float through the air rather than walking.
You learn spells naturally, not from books.
Your magical power is your life essence.
You have superior vitality. (+4 MHP)
You are agile. (Dex +4, Str/Int -1)
Your spells are a little harder to cast, but a little more powerful.


Message History

You hit the gnoll. Lightning courses through the gnoll!!
You kill the gnoll!
The quokka completely misses your cerulean imp.
Your cerulean imp hits the quokka with a -3 spear.
The quokka dies!
Your cerulean imp disappears in a puff of smoke!
Your magical contamination has completely faded away.
You see here a rat corpse.
Things that are here:
a +0 mace; an orc corpse
Things that are here:
a +0 dagger; a ball python corpse; a kobold corpse
There is a stone staircase leading up here.
You fly upwards.
Level annotation: 1 runed translucent door, Crazy Yiuf
There is a stone staircase leading down here.
You start resting.
HP restored.
You fly downwards.
The gnoll hits you from afar with a +0 halberd.
There is a stone staircase leading up here.
Casting: Call Imp (dangerous; 24% risk of failure)
Confirm with . or Enter, or press ? or * to list all spells.
A tiny devil pulls itself out of the air.
The gnoll closely misses you. The gnoll barely misses you.
You hit the gnoll.
The gnoll is lightly wounded.
You hit the gnoll. The gnoll closely misses you.
The gnoll hits you with a +0 halberd!
You hit the gnoll.
The gnoll is severely wounded.
You hit the gnoll.
Your cerulean imp hits the gnoll from afar with a -3 spear.
The gnoll misses you. The gnoll hits you with a +0 halberd!
* * * LOW HITPOINT WARNING * * *
Your cerulean imp hits the gnoll but does no damage.
The gnoll closely misses you. The gnoll hits you with a +0 halberd!
You die...
Xom yawns loudly!

..###################.....#..
......g.)g.†.................
..g###############..###......
......g## #####.####.#####
..####..######............ ..
##........###[##..... ##
###....#######.# ....
##.......####...## ...
#......†))..g@5..# ##
..........####g.##.....#
.###......##.......###.#
.....†.............
###......##.#.######
#...........# #......#.#...
#......#...## #.......


You could see 2 gnolls and a friendly cerulean imp (summoned).

Vanquished Creatures
  A sleepcap (D:3)
  2 gnolls
  2 adders (D:2)
  A dart slug (D:2)
  An orc (D:3)
  3 ball pythons
  3 endoplasms
  3 giant cockroaches
  2 goblins (D:2)
  5 hobgoblins
  A jackal (D:1)
  7 kobolds
  A quokka (D:2)
  6 bats
  3 rats
41 creatures vanquished.

Vanquished Creatures (collateral kills)
  2 gnolls (D:1)
  A dart slug (D:1)
  2 ball pythons
  A bat (D:3)
  A jackal (D:1)
  A quokka (D:3)
  A frilled lizard (D:1)
  A kobold (D:3)
10 creatures vanquished.

Vanquished Creatures (others)
  A bat zombie (D:1)
1 creature vanquished.

Grand Total: 52 creatures vanquished

Notes
Turn   | Place    | Note
-------+----------+-------------------------------------------
     0 | D:1      | cforsyth the Djinni Chaos Knight began the quest for the
                  | Orb.
     0 | D:1      | Reached XP level 1. HP: 20/20 MP: 0/0
    74 | D:1      | Reached XP level 2. HP: 25/25 MP: 0/0
   169 | D:1      | Found a faded altar of an unknown god.
   196 | D:1      | XOM: divination: detect items
   265 | D:1      | Reached skill level 1 in Spellcasting
   265 | D:1      | Reached skill level 1 in Conjurations
   265 | D:1      | Reached skill level 1 in Hexes
   265 | D:1      | Reached skill level 1 in Summonings
   265 | D:1      | Reached skill level 1 in Necromancy
   265 | D:1      | Reached skill level 1 in Translocations
   265 | D:1      | Reached skill level 1 in Transmutations
   265 | D:1      | Reached skill level 1 in Fire Magic
   265 | D:1      | Reached skill level 1 in Ice Magic
   265 | D:1      | Reached skill level 1 in Air Magic
   265 | D:1      | Reached skill level 1 in Earth Magic
   265 | D:1      | Reached skill level 1 in Poison Magic
   335 | D:1      | Reached XP level 3. HP: 30/30 MP: 0/0
   335 | D:1      | Learned a level 1 spell: Slow
   429 | D:1      | XOM: noise
   676 | D:2      | Found Pentaisa's Book Boutique.
   686 | D:2      | XOM: confuse monster(s)
   734 | D:2      | Reached XP level 4. HP: 35/37 MP: 0/0
   778 | D:2      | Found an ornate altar of the Wu Jian Council.
   937 | D:2      | XOM: noise
   964 | D:1      | XOM: noise
   974 | D:1      | XOM: enchant monster (good)
  1030 | D:1      | XOM: summons 4 friendly demons
  1035 | D:1      | Reached skill level 4 in Fighting
  1101 | D:1      | XOM: scenery: create altars
  1241 | D:2      | XOM: give mutations
  1241 | D:2      | Gained mutation: You are agile. (Dex +4, Str/Int -1) [Xom's
                  | grace]
  1241 | D:2      | Gained mutation: Your spells are a little harder to cast,
                  | but a little more powerful. [Xom's grace]
  1305 | D:2      | Found a runed translucent door.
  1306 | D:2      | Noticed Crazy Yiuf
  1456 | D:2      | XOM: god gift: broad axe {god gift}
  1656 | D:2      | XOM: stat loss: -1 Int (14/15)
  1825 | D:3      | XOM: fog
  1829 | D:3      | Reached XP level 5. HP: 41/42 MP: 0/0
  1829 | D:3      | Learned a level 2 spell: Call Imp
  2004 | D:3      | Slain by a gnoll

Illustrated notes

Levels and vault maps discovered:
D:1:      dpeg_arrival_boxorama, layout_rooms,
          shapermc_ecumenical_altar_rom_forum, dk_noncrumbling_4,
          corexii_leaking_fountain
D:2:      layout_basic, serial_shops, shop, basic_altar,
          hangedman_decor_opposing, uniq_crazy_yiuf_cottage
D:3:      layout_rooms, demons_altar, ebering_ghost_reflecting_pool

Skill      XL: |  1  2  3  4 |
---------------+-------------+-----
Spellcasting   | 1 2 |  2.3
Conjurations   | 1 2 |  2.3
Hexes          | 1 2 |  2.3
Summonings     | 1 2 |  2.3
Necromancy     | 1 2 |  2.3
Translocations | 1 2 |  2.3
Transmutations | 1 2 |  2.3
Fire Magic     | 1 2 |  2.3
Ice Magic      | 1 2 |  2.3
Air Magic      | 1 2 |  2.3
Earth Magic    | 1 2 |  2.3
Poison Magic   | 1 2 |  2.3
Fighting       | 4 |  4.5
Long Blades    | |  2.6
Armour         | |  1.0
Dodging        | |  2.1

Action                     |  1- 3 |  4- 6 || total
---------------------------+-------+-------++-------
  Melee: Falchion          |    26 |       ||    26
         Hand axe          |    42 |    50 ||    92
         Punch             |       |     1 ||     1
   Cast: Slow              |       |     5 ||     5
         Call Imp          |       |     3 ||     3
    Use: Scroll            |       |     1 ||     1
         Potion            |       |     1 ||     1
   Stab: Sleeping          |       |     1 ||     1
 Armour: Leather armour    |    29 |    54 ||    83
  Dodge: Dodged            |    52 |    67 ||   119

Table legend: (Time is in decaauts)
 A = Elapsed time spent in this place.
 B = Non-inter-level travel time spent in this place.
 C = Inter-level travel time spent in this place.
 D = Time resting spent in this place.
 E = Time spent auto-exploring this place.
 F = Levels seen in this place.
 G = Mean time per level.
                   A        B        C        D        E       F      G
               +--------+--------+--------+--------+--------+-----+--------+
         Total |   2037 |   1938 |     99 |    136 |   1291 |   3 |  679.0 |
       Dungeon |   2037 |   1938 |     99 |    136 |   1291 |   3 |  679.0 |
               +--------+--------+--------+--------+--------+-----+--------+

Top non-repeatable levels by time:
     D:2: 1161 daAuts
     D:1: 774 daAuts
     D:3: 101 daAuts
